 Seeded DCSS version 0.30.1-9-gdf580d7c3d (webtiles) character file.

Game seed: 920673320228942481 (custom seed)

179 Psyclone the Conjurer (level 5, -2/28 HPs)
             Began as a Deep Elf Conjurer on Oct 9, 2023.
             Engulfed by a steam dragon's steam (7 damage)
             ... on level 7 of the Dungeon.
             The game lasted 00:00:52 (671 turns).

Psyclone the Conjurer (Deep Elf Conjurer)            Turns: 671, Time: 00:00:52

Health: -2/28      AC:  2    Str:  4    XL:     5   Next: 33%
Magic:  0/11       EV: 27    Int: 25    God:
Gold:   25         SH:  0    Dex: 13    Spells: 7/10 levels left

rFire   . . .        (no weapon)
rCold   . . .        (no shield)
rNeg    . . .        a - +0 robe
rPois   .            (no helmet)
rElec   .            (no cloak)
rCorr   .            (no gloves)
SInv    .            (no boots)
Will    .....        e - amulet of the acrobat
Stlth   ++           (no ring)
HPRegen 0.24/turn    (no ring)
MPRegen 0.12/turn

%: acrobat
@: acrobatic
A: no striking features
a: no special abilities


You were on level 7 of the Dungeon.
You visited 1 branch of the dungeon, and saw 7 of its levels.

You collected 25 gold pieces.

Inventory:

Armour
 a - a +0 robe (worn)
Jewellery
 e - an amulet of the acrobat (around neck)
Scrolls
 c - 3 scrolls of acquirement {unknown}
Potions
 b - a potion of magic
 d - a potion of lignification {unknown}
 f - a potion of ambrosia {unknown}
 g - a potion of might {unknown}


   Skills:
 - Level 2.4 Dodging
 - Level 2.4 Stealth
 - Level 3.0 Spellcasting
 + Level 7.3 Conjurations


You had 7 spell levels left.
You knew the following spells:

 Your Spells              Type           Power      Damage    Failure   Level
a - Magic Dart            Conj           100%       1d8       1%          1
b - Searing Ray           Conj           80%        2d7       1%          2

Your spell library contained the following spells:

 Spells                   Type           Power      Damage    Failure   Level
 Dazzling Flash           Conj/Hex       44%        N/A       7%          3
 Stone Arrow              Conj/Erth      44%        3d9       7%          3
 Sandblast                Erth           6%         2d5       10%         1
 Passwall                 Tmut/Erth      2%         N/A       16%         2
 Fulminant Prism          Conj/Hex       11%        3d9       22%         4
 Iskenderun's Mystic Bla  Conj/Tloc      22%        2d6       22%         4


Dungeon Overview and Level Annotations

Branches:
Dungeon (7/15) Zot: 26846
 Temple: D:4-7

Altars:

Annotations:
D:5 Menkaure


Message History

Casting: Searing Ray (safe; 1% risk of failure)
Confirm with . or Enter, or press ? or * to list all spells.
Aiming: Searing Ray (safe; 1% risk of failure)
Press: ? - help, Shift-Dir - straight line, f/p - steam dragon
Aim: a steam dragon (catching its breath, 82% to hit)
The searing ray hits the steam dragon!
The steam dragon is moderately wounded. (Press . to maintain the ray.)
The steam dragon bites you but does no damage.
The steam dragon claws you.
You take 2 damage, and have 24/28 hp.
You now have 4/11 mp.
The searing ray hits the steam dragon.
The steam dragon is moderately wounded.
The steam dragon completely misses you. The steam dragon closely misses you.
A scorpion comes into view.
You now have 3/11 mp.
The searing ray hits the steam dragon.
The steam dragon is moderately wounded.
The steam dragon completely misses you. x2
The searing ray hits the steam dragon!
The steam dragon is severely wounded.
You finish channelling your searing ray.
The steam dragon completely misses you. The steam dragon closely misses you.
You now have 2/11 mp.
Casting: Searing Ray (safe; 1% risk of failure)
Confirm with . or Enter, or press ? or * to list all spells.
Aiming: Searing Ray (safe; 1% risk of failure)
Press: ? - help, Shift-Dir - straight line, f/p - steam dragon
Aim: a steam dragon (severely wounded, 82% to hit)
The searing ray hits the steam dragon.
The steam dragon is almost dead. (Press . to maintain the ray.)
The steam dragon breathes steam at you. The ball of steam hits you!!
Ouch! That really hurt!
* * * LOW HITPOINT WARNING * * *
You take 20 damage, and have 5/28 hp.
MASSIVE DAMAGE!!
You now have 0/11 mp.
Without enough magic to sustain it, your searing ray dissipates.
You are engulfed in a cloud of scalding steam.
You die...

#.........# #.#
#.........# ..
#.........# #.#
#..^........ #?s
#...........
######.###..........
.......§##.........
.......§.#........
.......@..........
.......D#.........
........#.#.######
........+.....
!.......#...###
$........>.##
........####
........#


You could see a steam dragon (catching breath) and a scorpion.

Vanquished Creatures
  A phantom (D:6)
  A scorpion (D:5)
  A hound (D:4)
  A dart slug (D:1)
  3 orcs (D:4)
  A ball python (D:4)
  An endoplasm (D:3)
9 creatures vanquished.

Notes
Turn   | Place    | Note
-------+----------+-------------------------------------------
     0 | D:1      | Psyclone the Deep Elf Conjurer began the quest for the Orb.
     0 | D:1      | Reached XP level 1. HP: 10/10 MP: 6/6
   164 | D:4      | Noticed a hound
   169 | D:4      | Killed a hound
   170 | D:4      | Reached skill level 5 in Conjurations
   170 | D:4      | Reached XP level 2. HP: 15/15 MP: 2/8
   170 | D:4      | Reached XP level 3. HP: 19/19 MP: 2/9
   391 | D:5      | Entered Level 5 of the Dungeon
   417 | D:5      | Noticed a scorpion
   423 | D:5      | Killed a scorpion
   424 | D:5      | Reached skill level 6 in Conjurations
   424 | D:5      | Reached XP level 4. HP: 24/24 MP: 3/10
   479 | D:5      | Learned a level 2 spell: Searing Ray
   484 | D:5      | Noticed Menkaure
   505 | D:6      | Noticed a phantom
   512 | D:6      | Killed a phantom
   513 | D:6      | Reached skill level 7 in Conjurations
   513 | D:6      | Reached XP level 5. HP: 28/28 MP: 2/11
   515 | D:6      | Noticed a centaur
   660 | D:7      | Noticed a steam dragon
   671 | D:7      | Engulfed by a steam dragon's steam

Illustrated notes

Levels and vault maps discovered:
D:1:      dpeg_arrival_orchard, layout_basic
D:2:      layout_loops_corners, uniq_natasha, uniq_crazy_yiuf_cottage
D:3:      layout_basic, serial_shops, nicolae_shop_stone, shop
D:4:      layout_basic, nicolae_figureground_sparkle, uniq_sigmund, uniq_robin,
          uniq_blork_the_orc
D:5:      layout_cave_pools, nicolae_ru_path_of_blood, minmay_quadrilaterals,
          uniq_menkaure, uniq_ijyb
D:6:      cheibrodos_barr_body, layout_rooms, lemuel_doored_altar,
          minmay_temple_entry_large_hall, hangedman_decor_growths,
          minmay_fractal_squares_gapless_5
D:7:      layout_basic, mainiacjoe_overflow_big_doors, lemuel_tele_altar,
          zin_scriptorium, nicolae_figureground_pulse, uniq_duvessa

Skill      XL: |  1  2  3  4 |
---------------+-------------+-----
Conjurations   | 5 6 7 |  7.3
Dodging        | |  2.4
Stealth        | |  2.4
Spellcasting   | |  3.0

Action                     |  1- 3 |  4- 6 || total
---------------------------+-------+-------++-------
   Cast: Magic Dart        |    22 |     3 ||    25
         Searing Ray       |       |     4 ||     4
 Armour: Robe              |       |     1 ||     1
  Dodge: Dodged            |     1 |    11 ||    12
